 Dungeon Crawl Stone Soup version 0.16.1-51-g6203257 (webtiles) character file.

48 uhvn the Sneak (level 3, 0/17 HPs)
             Began as a Vine Stalker Enchanter on July 10, 2015.
             Succumbed to an adder's poison
             ... on level 2 of the Dungeon.
             The game lasted 00:05:07 (1040 turns).

uhvn the Sneak (Vine Stalker Enchanter)             Turns: 1040, Time: 00:05:07

Health: 0/17       AC:  3    Str: 10    XL:     3   Next: 72%
Magic:  7/7        EV: 12    Int: 15    God:
Gold:   64         SH:  0    Dex: 15    Spells: 2 memorised, 3 levels left

rFire  + . .     SeeInvis .     a - +1 dagger
rCold  . . .     Clarity  .     b - +1 robe
rNeg   . . .     SustAb   .     (no shield)
rPois  .         Gourm    .     (no helmet)
rElec  .         Spirit   +     (no cloak)
rCorr  .         Warding  .     (no gloves)
rMut   .         Stasis   .     (no boots)
MR     .....                    (no amulet)
Stlth  +++.......               (no ring)
                                (no ring)

@: lethally poisoned (0 -> -2), very slightly contaminated, not resistant to
hostile enchantments, fairly stealthy
A: fangs 2, fire resistance 1, regeneration 1, magic shield, antimagic bite, no
device heal 3, rot immunity
a: no special abilities


You were on level 2 of the Dungeon.
You were hungry.

You visited 1 branch of the dungeon, and saw 2 of its levels.

You collected 64 gold pieces.

Inventory:

Hand weapons
 a - a +1 dagger (weapon)
Missiles
 h - 21 poisoned needles
Armour
 b - a +1 robe (worn)
Jewellery
 f - an uncursed ring of ice {unknown}
Scrolls
 g - a scroll of blinking {unknown}
Books
 c - a book of Maledictions

   Spells                             Type                      Level
   a - Corona                         Hexes                        1
   b - Sure Blade                     Hexes/Charms                 2
   c - Ensorcelled Hibernation        Hexes/Ice                    2
   d - Confuse                        Hexes                        3
   e - Dazzling Spray                 Conjuration/Hexes            3
   f - Enslavement                    Hexes                        4
Comestibles
 d - a bread ration


   Skills:
 * Level 0.6 Fighting
 * Level 1.3 Short Blades
 + Level 2.0 Dodging
 - Level 4.0 Stealth
 + Level 2.4 Spellcasting
 - Level 3.3 Hexes
 * Level 0.2 Ice Magic


You had 3 spell levels left.
You knew the following spells:

 Your Spells              Type           Power        Failure   Level  Hunger
a - Corona                Hex            ##.....      8%          1    #......
b - Ensorcelled Hibernat  Hex/Ice        #.....       17%         2    ###....


Dungeon Overview and Level Annotations

Branches:
Dungeon (2/15)

Altars:

Annotations:
D:2 Terence


Innate Abilities, Weirdness & Mutations

You have extremely sharp teeth.
Your natural rate of healing is unusually fast.
When hurt, damage is shared between your health and your magic reserves.
Your bite disrupts and absorbs the magic of your enemies.
Potions and wands cannot restore your health.
You are immune to rotting.
Your flesh is heat resistant.


Message History

You barely miss the adder.
The adder is almost dead.
* * * LOW HITPOINT WARNING * * *
You feel sick. The adder misses you.
You closely miss the adder.
The adder is almost dead.
The adder bites you.
* * * LOW HITPOINT WARNING * * *
The adder bites you.
You hit the adder.
You kill the adder!
* * * LOW HITPOINT WARNING * * *
You feel sick.
It was a potion of magic.
Magic courses through your body.
Eat which item? (? for menu, Esc to quit)
Okay, then.
It was a potion of beneficial mutation.
You feel resistant to heat.
You feel fantastic!
You die...

#.........# #.#
#.......### #.#
#.......##### #.#
........'...# #.#
........###.# #.#
........# #.# #.#
..#######
#.###.###### ..#
######†....#....#
#.#
#..........@†.#
#.#
#.###.######..#
#.# #. ..# #.# #.
..# . #. #.# #.
.# . .# ##


There were no monsters in sight!

Vanquished Creatures
  A giant mite (D:2)
  An adder (D:2)
  2 oozes (D:1)
  3 bats
  2 hobgoblins (D:1)
  7 jackals (D:1)
  2 kobolds (D:2)
  3 giant newts (D:1)
  5 goblins (D:1)
  4 rats (D:1)
30 creatures vanquished.

Notes
Turn   | Place    | Note
--------------------------------------------------------------
     0 | D:1      | uhvn, the Vine Stalker Enchanter, began the quest for the Orb.
     0 | D:1      | Reached XP level 1. HP: 9/9 MP: 3/3
    57 | D:1      | Reached skill level 1 in Short Blades
   205 | D:1      | Reached XP level 2. HP: 12/14 MP: 5/5
   624 | D:1      | Reached XP level 3. HP: 14/17 MP: 4/7
   739 | D:1      | Reached skill level 4 in Stealth
   747 | D:2      | Noticed Terence
   945 | D:2      | Learned a level 2 spell: Ensorcelled Hibernation
  1040 | D:2      | Gained mutation: Your flesh is heat resistant. [potion of beneficial mutation]
  1040 | D:2      | Succumbed to an adder's poison

Action                   || total
-------------------------++-------
Melee: Dagger            ||   108
 Cast: Ensorcelled Hiber ||     3
  Use: Potion            ||     2
 Stab: Sleeping          ||     5
       Distracted        ||     1
